Map: Miner Evacuation

Players

axial

  • Race: Terran Terran
  • Spawn Location: 7:00

axu

  • Race: Protoss Protoss
  • League: Platinum
  • Spawn Location: 7:00

VOD

Have the link to the VOD?

Description

Time

  • Played on: Jan. 12, 2018, 3:50 p.m.
  • Length: 21:58
Show
View Real Time Build Order
Export as new Build Order

axial Terran 

Build Orders:  

Get SALT Encoding   

  12  0:05  SCV  
  13  0:24  Supply Depot  
  13  0:26  SCV  
  14  0:43  SCV  
  15  1:00  Barracks  
  15  1:01  SCV  
  16  1:16  Refinery  
  16  1:18  SCV  
  17  1:38  SCV  
  18  1:40  Barracks  
  18  1:55  SCV  
  19  2:12  SCV  
  20  2:21  Barracks Tech Lab  
  20  2:24  Engineering Bay  
  20  2:31  Supply Depot  
  20  2:40  SCV  
  21  2:52  Refinery  
  21  2:57  SCV  
  21  2:58  Medic  
  21  2:59  Marine  
  22  3:09  Marine  
  25  3:19  Marine  
  26  3:26  SCV  
  28  3:36  Supply Depot  
  28  3:43  Combat Shields  
  28  3:44  Barracks Reactor  
  28  3:49  SCV  
  29  4:23  Supply Depot  
  28  4:30  Terran Infantry Weapons Level 1  
  29  4:34  Marine x2  
  31  4:42  SCV  
  31  4:44  Marine  
  31  4:49  Marine  
  33  4:52  Marine  
  33  4:55  Supply Depot  
  33  4:56  Marine  
  33  4:59  Marine  
  36  5:02  Marine  
  36  5:06  Marine  
  39  5:12  Marine  
  39  5:17  Medic  
  42  5:22  Marine  
  42  5:23  Marine  
  42  5:25  Supply Depot  
  44  5:58  Supply Depot  
  44  6:42  Supply Depot  
  44  6:54  Orbital Command  
  44  7:01  Medic  
  44  7:09  Stabilizer Medpacks  
  46  7:14  Supply Depot  
  46  7:46  Supply Depot  
  46  8:19  Supply Depot  
  46  8:53  Supply Depot  
  46  9:16  Factory  
  44  9:25  Supply Depot  
  44  9:43  Marine  
  44  9:44  Marine  
  46  9:53  Marine  
  46  9:54  Marine  
  46  9:56  Supply Depot  
  46  9:59  Medic  
  48  10:03  Marine  
  48  10:04  Marine  
  48  10:09  Medic  
  52  10:13  Terran Infantry Armor Level 1  
  52  10:14  Marine x2  
  56  10:20  Medic, Factory Tech Lab  
  56  10:28  Armory  
  56  10:29  Supply Depot  
  58  11:01  Supply Depot  
  58  12:03  Siege Tank  
  58  12:04  Advanced Siege Tech  
  61  12:23  Siege Tank  
  64  12:53  Terran Infantry Weapons Level 2  
  56  14:40  Terran Vehicle and Ship Weapons Level 1  
  56  14:41  Marine  
  56  14:42  Marine  
  58  14:51  Medic  
  58  14:52  Marine x2  
  62  15:01  Medic  
  62  15:02  Marine x2  
  66  15:11  Medic  
  66  15:12  Marine x2  
  66  15:18  Barracks  
  70  16:03  Terran Infantry Armor Level 2  
  70  19:24  Marine  
  70  19:25  Marine  
  72  19:35  Marine x2  
  72  19:36  Medic  
  76  19:45  Marine x2  
  76  19:46  Medic  
  80  19:55  Marine x2  
  80  19:57  Medic  
Show
View Real Time Build Order
Export as new Build Order

axu Protoss 

Build Orders:  

Get SALT Encoding   

  12  0:04  Probe (Chrono Boost)  
  3  0:20  Probe (Chrono Boost)  
  14  0:30  Pylon  
  14  0:34  Probe (Chrono Boost)  
  15  0:54  Probe (Chrono Boost)  
  15  0:56  Gateway  
  16  1:08  Probe (Chrono Boost)  
  17  1:13  Assimilator  
  17  1:22  Probe (Chrono Boost)  
  18  1:36  Probe (Chrono Boost)  
  19  1:50  Probe (Chrono Boost)  
  20  2:04  Probe (Chrono Boost)  
  20  2:09  Cybernetics Core  
  21  2:10  Gateway  
  21  2:14  Assimilator  
  21  2:18  Probe (Chrono Boost)  
  22  2:48  Pylon  
  22  2:52  Probe (Chrono Boost)  
  22  2:54  Pylon  
  23  3:13  Probe (Chrono Boost)  
  23  3:16  Dragoon  
  23  3:17  Dragoon  
  28  3:25  Gateway  
  28  3:26  Probe (Chrono Boost)  
  29  3:48  Gateway  
  29  3:55  Pylon  
  29  3:59  Probe (Chrono Boost), Pylon  
  30  4:13  Probe (Chrono Boost)  
  31  4:24  Robotics Facility  
  31  4:27  Probe (Chrono Boost)  
  32  4:41  Probe (Chrono Boost)  
  33  4:52  Dragoon  
  33  4:53  Dragoon  
  37  5:04  Probe (Chrono Boost)  
  38  5:11  Dragoon  
  38  5:13  Dragoon  
  38  5:19  Probe (Chrono Boost)  
  43  5:42  Probe (Chrono Boost)  
  44  5:51  Forge x2  
  44  6:09  Probe (Chrono Boost)  
  44  6:14  Dragoon x2  
  49  6:45  Immortal  
  49  6:47  Protoss Ground Weapons Level 1  
  49  6:48  Protoss Ground Armor Level 1  
  53  7:04  Twilight Council  
  53  8:08  Dragoon  
  55  8:18  Singularity Charge  
  55  8:42  Pylon  
  55  8:46  Pylon  
  55  8:50  Pylon  
  55  8:54  Nexus  
  55  8:59  Pylon  
  55  9:01  Pylon  
  55  9:07  Immortal  
  59  9:24  Dragoon  
  59  9:25  Dragoon x2, Protoss Ground Weapons Level 2  
  65  9:36  Protoss Ground Armor Level 2  
  65  10:22  Assimilator  
  65  10:25  Assimilator  
  65  10:40  Immortal  
  65  10:42  Dragoon  
  65  10:46  Probe (Chrono Boost)  
  65  10:49  Probe (Chrono Boost)  
  73  11:03  Probe (Chrono Boost)  
  73  11:06  Probe (Chrono Boost)  
  73  11:07  Charge  
  75  11:44  Dragoon x2  
  75  11:45  Dragoon x2  
  83  12:11  Immortal  
  87  12:23  Probe x2 (Chrono Boost)  
  77  12:40  Probe x2 (Chrono Boost)  
  91  12:56  Probe (Chrono Boost)  
  91  12:57  Probe (Chrono Boost)  
  93  13:06  Observer  
  94  13:13  Probe (Chrono Boost)  
  94  13:14  Probe (Chrono Boost)  
  96  13:22  Gateway x2  
  96  13:23  Gateway  
  96  13:25  Gateway  
  96  13:29  Gateway  
  96  13:42  Dragoon x3  
  96  13:43  Dragoon  
  104  13:55  Protoss Ground Weapons Level 3  
  102  14:07  Protoss Shields Level 1  
  98  14:24  Dragoon x4  
  98  14:27  Immortal  
  108  14:55  Zealot  
  110  15:33  Pylon  
  110  15:35  Pylon  
  110  15:37  Pylon  
  108  15:41  Pylon  
  108  16:46  Templar Archives  
  108  16:59  Probe x2 (Chrono Boost)  
  110  17:16  Probe x2 (Chrono Boost)  
  112  17:21  Immortal  
  112  17:29  Robotics Facility  
  116  17:31  Robotics Facility  
  116  17:34  Gateway  
  116  17:38  Gateway  
  116  17:41  Gateway  
  116  18:03  High Templar  
  116  18:04  High Templar x4  
  116  18:05  High Templar x2  
  116  18:06  High Templar  
  132  18:15  Psionic Storm  
  132  18:20  Archon x3  
  132  18:24  Archon  
  132  18:58  Pylon  
  132  19:01  Pylon  
  132  19:05  Pylon  
  132  19:15  Pylon  
  132  19:27  Dragoon x3  
  138  19:31  High Templar x2  
  142  19:43  Nexus  
  142  19:47  Assimilator  
  142  19:49  Assimilator  
  142  19:54  Gateway  
  142  19:59  Gateway  
  142  20:02  Gateway  
  142  20:06  Zealot x2  
  142  20:07  Zealot x4  
  142  20:08  Zealot x2  
  142  20:09  Zealot x2  
  162  20:21  Archon  
  158  21:29  Pylon  
  161  21:32  Pylon  
Tags
 
Add a new tag
Caveats
  • Supply blocks, unpowered buildings, or Contaminate may cause inaccurate times.
  • Supply counts are checked every 10 seconds.